 Dungeon Crawl Stone Soup version 0.23.2 (webtiles) character file.

Game seed: 7168719322051549521

202 Marnok the Cudgeler (level 5, -2/42 HPs)
             Began as a Demonspawn Chaos Knight on Apr 9, 2019.
             Was a Plaything of Xom.
             Blown up by an eye of devastation (glowing shapeshifter) (21 damage)
             ... with a bolt of energy
             ... on level 4 of the Dungeon.
             The game lasted 00:09:54 (3005 turns).

Marnok the Cudgeler (Demonspawn Chaos Knight)       Turns: 3005, Time: 00:09:56

Health: -2/42      AC:  6    Str: 14    XL:     5   Next: 50%
Magic:  0/5        EV:  7    Int: 13    God:    Xom [.*....]
Gold:   138        SH: 11    Dex: 12    Spells: 4/4 levels left

rFire    . . .     SeeInvis .   a - +1 mace (chaos)
rCold    . . .     Gourm    .   o - +0 large shield
rNeg     . . .     Faith    .   b - +2 leather armour
rPois    .         Spirit   +   (no helmet)
rElec    .         Reflect  .   (no cloak)
rCorr    .         Harm     .   j - +0 pair of gloves
MR       .....                  (no boots)
Stlth    +.........             (no amulet)
HPRegen  0.14/turn              (no ring)
MPRegen  0.09/turn              (no ring)

@: lethally poisoned (-2 -> -28)
A: powered by death 1, magic shield
a: Renounce Religion


You were on level 4 of the Dungeon.
You worshipped Xom.
You were a plaything of Xom.
You were not hungry.

You visited 1 branch of the dungeon, and saw 4 of its levels.

You collected 138 gold pieces.

Inventory:

Hand Weapons
 a - a +1 mace of chaos (weapon)
 h - a +0 short sword
 p - a +2 short sword of venom
Missiles
 i - 13 tomahawks (quivered)
Armour
 b - a +2 leather armour (worn)
 j - a +0 pair of gloves (worn)
 o - a +0 large shield (worn)
Scrolls
 g - 3 scrolls of amnesia {unknown}
 l - 2 scrolls of remove curse
 q - a scroll of noise {unknown}
 r - 2 scrolls of enchant armour {unknown}
Potions
 e - a potion of agility
 f - a potion of degeneration
Comestibles
 c - 3 rations


   Skills:
 + Level 3.7 Fighting
 + Level 4.0 Maces & Flails
 + Level 2.4 Armour
 + Level 1.8 Dodging
 + Level 1.1 Stealth
 + Level 1.4 Shields


You had 4 spell levels left.
You didn't know any spells.
Your spell library contained the following spells:

 Spells                   Type           Power        Failure   Level  Hunger
 Throw Flame              Conj/Fire      #.....       100%        2    ###....
 Conjure Flame            Conj/Fire      #.......     100%        3    ####...
 Inner Flame              Hex/Fire       #.......     100%        3    ####...
 Ozocubu's Armour         Chrm/Ice       #.......     100%        3    ####...
 Summon Ice Beast         Ice/Summ       #.......     100%        4    #####..
 Metabolic Englaciation   Hex/Ice        #.........   100%        5    ######.
 Ozocubu's Refrigeration  Ice            #.........   100%        6    #######


Dungeon Overview and Level Annotations

Branches:
Dungeon (4/15)             Temple (0/1) D:4

Altars:
Gozag
Sif Muna
Wu Jian
Yredelemnul


Innate Abilities, Weirdness & Mutations

You regenerate a little health from kills.
When hurt, damage is shared between your health and your magic reserves.


Message History

You feel much better.
You feel very sick.
The two-headed ogre changes into an eye of devastation!
You block the jackal's attack. x2
You closely miss the jackal.
You feel very sick. You block the jackal's attack. x2
You hit the jackal.
The jackal is poisoned.
The jackal is moderately wounded.
You feel very sick. You block the jackal's attack. x2
You hit the jackal.
The jackal is severely wounded.
You feel very sick. You block the jackal's attack.
The eye of devastation gazes at you. The bolt of energy hits you!!
Ouch! That really hurt!
You die...
Xom chortles!

##+# ## ##...##
#####..#### ##.....##
#..@Gh>...# ##.......##
#.h##..##.#
#.........####.........
+.........'...........>.
#.........####......##.#
#.......## #........ #
##.....## #.########
##...## #.# ##'## #.#


You could see an eye of devastation shaped shifter and 2 jackals.

Vanquished Creatures
  An orc wizard (D:3)
  An orc priest (D:4)
  5 adders
  An ooze (D:3)
  2 worms (D:3)
  A dart slug (D:1)
  4 leopard geckos
  8 orcs (D:3)
  7 bats
  7 giant cockroaches
  4 goblins (D:2)
  8 hobgoblins
  7 jackals (D:1)
  3 ball pythons
  A frilled lizard (D:1)
  5 kobolds
  7 rats
  A spectral orc (D:3)
73 creatures vanquished.

Notes
Turn   | Place    | Note
-------+----------+-------------------------------------------
     0 | D:1      | Marnok the Demonspawn Chaos Knight began the quest for the
                  | Orb.
     0 | D:1      | Reached XP level 1. HP: 18/18 MP: 1/1
    79 | D:1      | XOM: silly message
    82 | D:1      | XOM: divination: detect items
    93 | D:1      | Gained mutation: You regenerate a little health from kills.
                  | [demonic ancestry]
    93 | D:1      | Reached XP level 2. HP: 10/24 MP: 2/2
   294 | D:1      | XOM: silly message
   296 | D:1      | Reached skill level 3 in Maces & Flails
   444 | D:1      | XOM: god gift: scroll labeled TICKYI CU MEWNA {god gift}
   451 | D:1      | Reached skill level 1 in Dodging
   483 | D:1      | XOM: cloud trail
   723 | D:1      | XOM: harmless Tmut miscast
   750 | D:1      | Reached XP level 3. HP: 17/29 MP: 3/3
   851 | D:1      | XOM: cloud trail
  1435 | D:2      | XOM: divination: detect creatures
  1604 | D:2      | Identified Xom's Compendium of Unpleasantness (Xom gifted
                  | it to you on level 2 of the Dungeon)
  1604 | D:2      | XOM: god gift: Xom's Compendium of Unpleasantness
  2172 | D:3      | Gained mutation: When hurt, damage is shared between your
                  | health and your magic reserves. [demonic ancestry]
  2172 | D:3      | Reached XP level 4. HP: 36/36 MP: 4/4
  2184 | D:3      | Found a deep blue altar of Sif Muna.
  2204 | D:3      | Found an opulent altar of Gozag.
  2208 | D:3      | XOM: divination: magic mapping
  2228 | D:3      | Reached skill level 1 in Shields
  2456 | D:3      | Reached XP level 5. HP: 36/42 MP: 5/5
  2614 | D:3      | Found an ornate altar of the Wu Jian Council.
  2842 | D:3      | Found a basalt altar of Yredelemnul.
  2923 | D:4      | XOM: smoke on damage
  2986 | D:4      | XOM: god gift: short sword {god gift}
  2990 | D:4      | Found a staircase to the Ecumenical Temple.
  2996 | D:4      | Reached skill level 4 in Maces & Flails
  2996 | D:4      | Reached skill level 1 in Stealth
  2998 | D:4      | Noticed a glowing shapeshifter
  2998 | D:4      | a jackal changed into a glowing shapeshifter
  2998 | D:4      | Noticed a redback
  2998 | D:4      | a glowing shapeshifter changed into a redback
  3000 | D:4      | Noticed a two-headed ogre
  3000 | D:4      | a redback changed into a two-headed ogre
  3002 | D:4      | Noticed an eye of devastation
  3002 | D:4      | a two-headed ogre changed into an eye of devastation
  3005 | D:4      | Blown up by an eye of devastation (glowing shapeshifter)

Skill      XL: |  1  2  3  4  5 |
---------------+----------------+-----
Maces & Flails | 3 4 |  4.0
Dodging        | 1 |  1.8
Armour         | 2 |  2.4
Shields        | 1 |  1.4
Stealth        | 1 |  1.1
Fighting       | |  3.7

Action                   |  1- 3 |  4- 6 || total
-------------------------+-------+-------++-------
Melee: Mace              |   154 |   127 ||   281
  Use: Scroll            |     7 |       ||     7
       Potion            |       |     6 ||     6
 Stab: Sleeping          |     1 |     2 ||     3
       Paralysed         |     1 |     1 ||     2
       Petrifying        |     1 |       ||     1
       Petrified         |       |     5 ||     5
  Eat: Chunk             |     2 |     2 ||     4
       Ration            |     1 |       ||     1
Armor: Leather armour    |    99 |    40 ||   139
Dodge: Dodged            |   108 |    37 ||   145
Block: Large shield      |    47 |    79 ||   126
